 Dungeon Crawl Stone Soup version 0.31-a0-1522-g43313d8a59 (webtiles) character file.

Game seed: 14316723466059962690

2 night the Caller (level 1, -1/13 HPs)
             Began as a Merfolk Summoner on Dec 30, 2023.
             Slain by a hobgoblin (5 damage)
             ... on level 1 of the Dungeon.
             The game lasted 00:00:44 (159 turns).

night the Caller (Merfolk Summoner)                  Turns: 159, Time: 00:00:45

Health: -1/13      AC:  2    Str:  8    XL:     1   Next: 40%
Magic:  1/3        EV: 10    Int: 14    God:
Gold:   12         SH:  0    Dex: 20    Spells: 3/4 levels left

rFire   . . .        (no weapon)
rCold   . . .        (no shield)
rNeg    . . .        a - +0 robe
rPois   .            (no helmet)
rElec   .            (no cloak)
rCorr   .            (no gloves)
SInv    .            (no boots)
Will    .....        (no amulet)
Stlth   ++           d - +6 ring of dexterity
HPRegen 0.22/turn    (no ring)
MPRegen 0.08/turn

%: no passive effects
@: constricted
A: (nimble swimmer 2), mertail
a: no special abilities


You were on level 1 of the Dungeon.
You visited 1 branch of the dungeon, and saw 1 of its levels.

You collected 12 gold pieces.

Inventory:

Armour
 a - a +0 robe (worn)
Jewellery
 d - a +6 ring of dexterity (left hand)
Scrolls
 c - a scroll of brand weapon {unknown}
 e - a scroll of identify {unknown}
 f - a scroll of revelation {unknown}
Potions
 b - a potion of magic


   Skills:
 + Level 0.2 Fighting
 + Level 0.3 Polearms
 + Level 2.6 Dodging
 - Level 2.1 Stealth
 + Level 2.0 Spellcasting
 + Level 4.0 Summonings


You had 3 spell levels left.
You knew the following spells:

 Your Spells              Type           Power      Damage    Failure   Level
a - Summon Small Mammal   Summ           48%        N/A       4%          1

Your spell library contained the following spells:

 Spells                   Type           Power      Damage    Failure   Level
 Call Imp                 Summ           24%        N/A       7%          2
 Call Canine Familiar     Summ           12%        N/A       14%         3
 Summon Blazeheart Golem  Fire/Summ      7%         N/A       71%         4
 Summon Lightning Spire   Summ/Air       7%         N/A       71%         4


Dungeon Overview and Level Annotations

Branches:
Dungeon (1/15)

Altars:


Innate Abilities, Weirdness & Mutations

((You are very nimble when in or above water. (Stealth+, EV+, Speed+++)))
Your lower body shifts to a powerful aquatic tail in water.


Message History

You hit the hobgoblin but do no damage. The giant cockroach barely misses you.
The hobgoblin misses you.
Your rat bites the hobgoblin.
You hit the hobgoblin.
The hobgoblin is moderately wounded.
The giant cockroach misses you. The hobgoblin hits you.
The giant cockroach bites you but does no damage.
Your rat bites the hobgoblin.
Your magical contamination has completely faded away.
You barely miss the hobgoblin.
The hobgoblin is severely wounded.
The ball python bites your rat. The ball python misses your rat.
The hobgoblin completely misses you.
The giant cockroach bites you but does no damage.
The ball python barely misses your rat. x2; Your rat misses the ball python.
You hit the hobgoblin.
The hobgoblin is almost dead.
The hobgoblin hits you. The giant cockroach closely misses you.
Your rat barely misses the ball python.
You are too injured to fight recklessly!
You are too injured to fight recklessly!
You closely miss the hobgoblin.
The hobgoblin is severely wounded.
The giant cockroach bites you.
The hobgoblin hits you but does no damage.
You hit the giant cockroach but do no damage.
The giant cockroach bites you.
* * * LOW HITPOINT WARNING * * *
The hobgoblin hits you but does no damage.
Your rat barely misses the giant cockroach.
You hit the giant cockroach but do no damage.
The giant cockroach closely misses you.
The ball python bites you but does no damage.
The ball python closely misses you. The hobgoblin closely misses you.
The giant cockroach barely misses you.
Your rat bites the giant cockroach but does no damage.
You closely miss the hobgoblin.
The hobgoblin is heavily wounded.
The ball python closely misses you. The ball python grabs you.
The ball python constricts you. The hobgoblin hits you.
You die...

#.# ## #.#B###.###....
....g...>...## # #. #.#
..## ..#.###.###...##
#...............
#......................
#.....rg...............
#......B@..............
##.....S........♣..♣§..
#........♣..♣.≈≈≈≈≈≈..
#..♣.§♣.≈≈§§§≈........
§..≈≈§≈≈§..§.§.........
##....§....§.....<.....
#.≈≈§≈≈≈.§.§..........
#..♣..♣.≈§§≈§≈........
#........♣..♣.≈≈≈≈≈≈..


You could see a giant cockroach, a hobgoblin, a ball python (ally target) and a
friendly rat (summoned).

Vanquished Creatures (collateral kills)
  An endoplasm (D:1)
  A hobgoblin (D:1)
2 creatures vanquished.

Notes
Turn   | Place    | Note
-------+----------+-------------------------------------------
     0 | D:1      | night the Merfolk Summoner began the quest for the Orb.
     0 | D:1      | Reached XP level 1. HP: 13/13 MP: 3/3
   159 | D:1      | Slain by a hobgoblin

Illustrated notes

Levels and vault maps discovered:
D:1:      orjb1_lava_funnel, layout_loops_ring

Action                     || total
---------------------------++-------
  Melee: Unarmed           ||    15
   Cast: Summon Small Mamm ||     6
 Armour: Robe              ||    16
  Dodge: Dodged            ||    12

Table legend: (Time is in decaauts)
 A = Elapsed time spent in this place.
 B = Non-inter-level travel time spent in this place.
 C = Inter-level travel time spent in this place.
 D = Time resting spent in this place.
 E = Time spent auto-exploring this place.
 F = Levels seen in this place.
 G = Mean time per level.
                   A        B        C        D        E       F      G
               +--------+--------+--------+--------+--------+-----+--------+
         Total |    158 |    158 |      0 |     35 |     71 |   1 |  158.0 |
       Dungeon |    158 |    158 |      0 |     35 |     71 |   1 |  158.0 |
               +--------+--------+--------+--------+--------+-----+--------+

Top non-repeatable levels by time:
     D:1: 158 daAuts
